WIN
WASHINGTON (WIN) NATIONALS @ SAN FRANCISCO (WIN) GIANTS
12/19/2046
 
TOP OF THE 1ST
Washington (WIN) Nationals batting - Pitching for San Francisco (WIN) Giants : RHP Jim Sprayberry
Pitching: RHP Jim Sprayberry
Batting: LHB Kyung-jin Cho 0-0: Called Strike
0-1: Swinging Strike
0-2: Strikes out looking
Batting: LHB Dillon Gonzalez 0-0: Ball
1-0: Ball
2-0: Ball
3-0: Called Strike
3-1: Fly out, F8 (Flyball, 8RD, EV 77.5 MPH)
Batting: LHB Jae-ik Soung 0-0: Called Strike
0-1: Ball
1-1: Called Strike
1-2: Ball
2-2: Ball
3-2: Foul Ball, location: 2F
3-2: Fly out, F8 (Flyball, 8RS, EV 93.1 MPH)
Top of the 1st over - 0 runs, 0 hits, 0 errors, 0 left on base; Washington (WIN) 0 - San Francisco (WIN) 0
BOTTOM OF THE 1ST
San Francisco (WIN) Giants batting - Pitching for Washington (WIN) Nationals : RHP Travis Hardin
Pitching: RHP Travis Hardin
Batting: LHB Josh Straub 0-0: Fly out, F8 (Flyball, 89D, EV 95.0 MPH)
Batting: RHB Drew Duncan 0-0: Ball
1-0: Called Strike
1-1: Foul Ball, location: 2F
1-2: SOLO HOME RUN (Flyball, 7LD, EV 94.4 MPH), Distance : 348 ft
Batting: LHB Jared Paige 0-0: Called Strike
0-1: Swinging Strike
0-2: Ball
1-2: Foul Ball, location: 2F
1-2: Ball
2-2: Strikes out swinging
Batting: RHB Mike Buchanan 0-0: Ball
1-0: Swinging Strike
1-1: Foul Ball, location: 2F
1-2: Foul Ball, location: 2F
1-2: Ball
2-2: Strikes out looking
Bottom of the 1st over - 1 run, 1 hit, 0 errors, 0 left on base; Washington (WIN) 0 - San Francisco (WIN) 1
TOP OF THE 2ND
Washington (WIN) Nationals batting - Pitching for San Francisco (WIN) Giants : RHP Jim Sprayberry
Batting: LHB Alexis Cantu 0-0: Ball
1-0: Ball
2-0: Called Strike
2-1: Foul Ball, location: 2F
2-2: SINGLE (Groundball, 34D, EV 105.0 MPH)
Batting: RHB Justin Bonner 0-0: Called Strike
0-1: Swinging Strike
0-2: Ball
1-2: Strikes out swinging
Batting: LHB Pat Aviles 0-0: Ball
1-0: Swinging Strike
1-1: Fly out, F9 (Flyball, 9D, EV 105.6 MPH)
Batting: LHB Dana McDonald 0-0: Ball
1-0: Reached on error, E1 (Groundball, 13S, EV 61.2 MPH)
Alexis Cantu to third
Batting: LHB Evan Oliveri 0-0: Called Strike
0-1: SINGLE (Groundball, 25, EV 72.5 MPH) (infield hit)
Alexis Cantu scores
Dana McDonald to third
Batting: RHB Kevin Wick 0-0: Called Strike
0-1: Ball
1-1: Ball
Wild Pitch!
Dana McDonald scores
Evan Oliveri to second
2-1: SINGLE (Flyball, 8LS, EV 93.8 MPH)
Evan Oliveri to third
Runner from 3rd tries for Home, SAFE, throw by CF to home
Batting: LHB Kyung-jin Cho 0-0: Ball
1-0: Called Strike
1-1: Ground out 4-3 (Groundball, 4, EV 83.1 MPH)
Top of the 2nd over - 3 runs, 3 hits, 1 error, 1 left on base; Washington (WIN) 3 - San Francisco (WIN) 1
BOTTOM OF THE 2ND
San Francisco (WIN) Giants batting - Pitching for Washington (WIN) Nationals : RHP Travis Hardin
Batting: LHB Juan Gonzalez 0-0: Ball
1-0: Swinging Strike
1-1: Swinging Strike
1-2: Strikes out looking
Batting: RHB Micah McErlean 0-0: Ball
1-0: Swinging Strike
1-1: Ball
2-1: Swinging Strike
2-2: Strikes out swinging
Batting: RHB Dinand Brouwer 0-0: Ball
1-0: Called Strike
1-1: Foul Ball, location: 2F
1-2: Ball
2-2: Ball
3-2: Strikes out swinging
Bottom of the 2nd over - 0 runs, 0 hits, 0 errors, 0 left on base; Washington (WIN) 3 - San Francisco (WIN) 1
TOP OF THE 3RD
Washington (WIN) Nationals batting - Pitching for San Francisco (WIN) Giants : RHP Jim Sprayberry
Batting: LHB Dillon Gonzalez 0-0: DOUBLE (Line Drive, 7LS, EV 92.5 MPH)
Batting: LHB Jae-ik Soung 0-0: Foul Ball, location: 2F
0-1: Ball
1-1: Swinging Strike
1-2: Ball
2-2: Ball
3-2: Strikes out swinging
Batting: LHB Alexis Cantu 0-0: Called Strike
0-1: Swinging Strike
0-2: Foul Ball, location: 2F
0-2: Strikes out looking
Batting: RHB Justin Bonner 0-0: Ball
1-0: Called Strike
1-1: Ball
2-1: Swinging Strike
2-2: Strikes out swinging
Top of the 3rd over - 0 runs, 1 hit, 0 errors, 1 left on base; Washington (WIN) 3 - San Francisco (WIN) 1
BOTTOM OF THE 3RD
San Francisco (WIN) Giants batting - Pitching for Washington (WIN) Nationals : RHP Travis Hardin
Batting: RHB Mike Jones 0-0: Called Strike
0-1: Foul Ball, location: 2F
0-2: Fly out, F8 (Line Drive, 8RM, EV 90.6 MPH)
Batting: RHB Gabe Ochoa 0-0: Ball
1-0: Ground out 6-3 (Groundball, 6M, EV 98.1 MPH)
Batting: LHB Josh Straub 0-0: Ground out 5-3 (Groundball, 5, EV 82.5 MPH)
Bottom of the 3rd over - 0 runs, 0 hits, 0 errors, 0 left on base; Washington (WIN) 3 - San Francisco (WIN) 1
TOP OF THE 4TH
Washington (WIN) Nationals batting - Pitching for San Francisco (WIN) Giants : RHP Jim Sprayberry
Batting: LHB Pat Aviles 0-0: Called Strike
0-1: Foul Ball, location: 2F
0-2: Ball
1-2: Ball
2-2: Foul Ball, location: 2F
2-2: SOLO HOME RUN (Flyball, 9LD, EV 91.2 MPH), Distance : 353 ft
Batting: LHB Dana McDonald 0-0: Ball
1-0: Foul Ball, location: 2F
1-1: Swinging Strike
1-2: Strikes out swinging
Batting: LHB Evan Oliveri 0-0: Fly out, F8 (Flyball, 8RD, EV 96.9 MPH)
Batting: RHB Kevin Wick 0-0: Swinging Strike
0-1: Ball
1-1: Swinging Strike
1-2: Ball
2-2: Fly out, F5 (Popup, 56S, EV 82.5 MPH)
Top of the 4th over - 1 run, 1 hit, 0 errors, 0 left on base; Washington (WIN) 4 - San Francisco (WIN) 1
BOTTOM OF THE 4TH
San Francisco (WIN) Giants batting - Pitching for Washington (WIN) Nationals : RHP Travis Hardin
Batting: RHB Drew Duncan 0-0: Ball
1-0: Ball
2-0: Called Strike
2-1: Ball
3-1: Swinging Strike
3-2: Ground out 5-3 (Groundball, 56, EV 100.0 MPH)
Batting: LHB Jared Paige 0-0: Ball
1-0: Ball
2-0: Called Strike
2-1: Foul Ball, location: 2F
2-2: Strikes out swinging
Batting: RHB Mike Buchanan 0-0: Called Strike
0-1: Foul Ball, location: 2F
0-2: Strikes out swinging
Bottom of the 4th over - 0 runs, 0 hits, 0 errors, 0 left on base; Washington (WIN) 4 - San Francisco (WIN) 1
TOP OF THE 5TH
Washington (WIN) Nationals batting - Pitching for San Francisco (WIN) Giants : RHP Jim Sprayberry
Batting: LHB Kyung-jin Cho 0-0: Called Strike
0-1: Foul Ball, location: 2F
0-2: Ball
1-2: Ball
2-2: Ball
3-2: SINGLE (Line Drive, 78S, EV 105.6 MPH)
Batting: LHB Dillon Gonzalez 0-0: Called Strike
0-1: Ball
1-1: Ball
Kyung-jin Cho is caught stealing 2nd base 2-6
2-1: SINGLE (Groundball, 34S, EV 71.2 MPH) (infield hit)
Batting: LHB Jae-ik Soung 0-0: Ball
1-0: Ball
2-0: Ball
3-0: Called Strike
3-1: Base on Balls
Dillon Gonzalez to second
Batting: LHB Alexis Cantu 0-0: Grounds into double play, 2-6-3 (Groundball, 2R, EV 70.6 MPH)
Top of the 5th over - 0 runs, 2 hits, 0 errors, 1 left on base; Washington (WIN) 4 - San Francisco (WIN) 1
BOTTOM OF THE 5TH
San Francisco (WIN) Giants batting - Pitching for Washington (WIN) Nationals : RHP Travis Hardin
Batting: LHB Juan Gonzalez 0-0: Foul Ball, location: 2F
0-1: Ball
1-1: Fly out, F8 (Flyball, 8LM, EV 86.9 MPH)
Batting: RHB Micah McErlean 0-0: Fly out, F9 (Flyball, 89M, EV 90.0 MPH)
Batting: RHB Dinand Brouwer 0-0: Ball
1-0: SINGLE (Groundball, 34D, EV 101.9 MPH)
Batting: RHB Mike Jones 0-0: Ball
1-0: SINGLE (Line Drive, 6D, EV 107.5 MPH)
Dinand Brouwer to second
Batting: RHB Gabe Ochoa 0-0: Called Strike
0-1: Foul Ball, location: 2F
0-2: Ball
1-2: Ball
2-2: Ball
3-2: Strikes out swinging
Bottom of the 5th over - 0 runs, 2 hits, 0 errors, 2 left on base; Washington (WIN) 4 - San Francisco (WIN) 1
TOP OF THE 6TH
Washington (WIN) Nationals batting - Pitching for San Francisco (WIN) Giants : RHP Jim Sprayberry
Pitching: RHP Brian Yinger
Batting: RHB Justin Bonner 0-0: Ball
1-0: Ball
2-0: Ground out 5-3 (Groundball, 5, EV 86.2 MPH)
Batting: LHB Pat Aviles 0-0: Foul Ball, location: 2F
0-1: SINGLE (Groundball, 6MD, EV 98.8 MPH)
Batting: LHB Dana McDonald 0-0: Ball
1-0: Called Strike
1-1: Ball
2-1: SINGLE (Groundball, 34D, EV 98.1 MPH)
Pat Aviles to second
Runner from 2nd tries for 3rd, SAFE, throw by RF made to third
Batting: LHB Evan Oliveri 0-0: Ball
1-0: Called Strike
1-1: Ball
2-1: Ball
Wild Pitch!
Pat Aviles scores
Dana McDonald to second
3-1: Foul Ball, location: 2F
3-2: Strikes out swinging
Batting: RHB Kevin Wick 0-0: Ball
1-0: Foul Ball, location: 2F
1-1: Foul Ball, location: 2F
1-2: Strikes out looking
Top of the 6th over - 1 run, 2 hits, 0 errors, 1 left on base; Washington (WIN) 5 - San Francisco (WIN) 1
BOTTOM OF THE 6TH
San Francisco (WIN) Giants batting - Pitching for Washington (WIN) Nationals : RHP Travis Hardin
Batting: LHB Josh Straub 0-0: Ball
1-0: Ball
2-0: Called Strike
2-1: Ball
3-1: Base on Balls
Batting: RHB Drew Duncan 0-0: Ball
1-0: Foul Ball, location: 2F
1-1: Foul Ball, location: 2F
1-2: Foul Ball, location: 2F
1-2: Foul Ball, location: 2F
1-2: Strikes out looking
Batting: LHB Jared Paige 0-0: Fielders Choice at 2nd, 6-4 (Groundball, 6M, EV 104.4 MPH)
Batting: RHB Mike Buchanan 0-0: Foul Ball, location: 2F
0-1: Fly out, F9 (Flyball, 9, EV 91.9 MPH)
Bottom of the 6th over - 0 runs, 0 hits, 0 errors, 1 left on base; Washington (WIN) 5 - San Francisco (WIN) 1
TOP OF THE 7TH
Washington (WIN) Nationals batting - Pitching for San Francisco (WIN) Giants : RHP Brian Yinger
Batting: LHB Kyung-jin Cho 0-0: Ball
1-0: Called Strike
1-1: Ball
2-1: Called Strike
2-2: Foul Ball, location: 2F
2-2: Strikes out swinging
Batting: LHB Dillon Gonzalez 0-0: Fly out, F8 (Flyball, 78D, EV 81.2 MPH)
Batting: LHB Jae-ik Soung 0-0: Ball
1-0: Ball
2-0: Called Strike
2-1: Ball
3-1: Foul Ball, location: 2F
3-2: Fly out, F8 (Flyball, 8LD, EV 106.9 MPH)
Top of the 7th over - 0 runs, 0 hits, 0 errors, 0 left on base; Washington (WIN) 5 - San Francisco (WIN) 1
BOTTOM OF THE 7TH
San Francisco (WIN) Giants batting - Pitching for Washington (WIN) Nationals : RHP Travis Hardin
Batting: LHB Juan Gonzalez 0-0: Foul Ball, location: 2F
0-1: Swinging Strike
0-2: Foul Ball, location: 2F
0-2: Foul Ball, location: 2F
0-2: Ball
1-2: Foul Ball, location: 2F
1-2: Ground out U3 (Groundball, 34, EV 91.9 MPH)
Batting: RHB Micah McErlean 0-0: Foul Ball, location: 2F
0-1: Ball
1-1: Ball
2-1: Ball
3-1: Ground out 5-3 (Groundball, 56, EV 83.8 MPH)
Batting: RHB Dinand Brouwer 0-0: Ground out 5-3 (Groundball, 5, EV 91.2 MPH)
Bottom of the 7th over - 0 runs, 0 hits, 0 errors, 0 left on base; Washington (WIN) 5 - San Francisco (WIN) 1
TOP OF THE 8TH
Washington (WIN) Nationals batting - Pitching for San Francisco (WIN) Giants : RHP Brian Yinger
Batting: LHB Alexis Cantu 0-0: Ball
1-0: Swinging Strike
1-1: SINGLE (Groundball, 34D, EV 105.6 MPH)
Batting: RHB Justin Bonner 0-0: Called Strike
0-1: Ball
1-1: Swinging Strike
1-2: Strikes out swinging
Pitching: LHP Gil Longoria
Batting: LHB Pat Aviles 0-0: Ball
1-0: Called Strike
1-1: Swinging Strike
1-2: Fly out, F6 (Popup, 6MS, EV 63.1 MPH)
Batting: LHB Dana McDonald 0-0: Ball
1-0: Swinging Strike
1-1: Foul Ball, location: 2F
1-2: Ground out 4-3 (Groundball, 4, EV 106.2 MPH)
Top of the 8th over - 0 runs, 1 hit, 0 errors, 1 left on base; Washington (WIN) 5 - San Francisco (WIN) 1
BOTTOM OF THE 8TH
San Francisco (WIN) Giants batting - Pitching for Washington (WIN) Nationals : RHP Travis Hardin
Batting: RHB Mike Jones 0-0: Ball
1-0: Ball
2-0: Ball
3-0: Called Strike
3-1: Foul Ball, location: 2F
3-2: DOUBLE (Flyball, 89XD, EV 113.1 MPH)
Batting: RHB Gabe Ochoa 0-0: Called Strike
0-1: SINGLE (Groundball, 6D, EV 107.5 MPH)
Mike Jones to third
Pitching: RHP Gareth Cutts
Batting: LHB Josh Straub 0-0: Called Strike
0-1: Called Strike
0-2: Strikes out swinging
Batting: RHB Drew Duncan 0-0: Ball
1-0: Grounds into double play, 5-4-3 (Groundball, 5L, EV 85.6 MPH)
Bottom of the 8th over - 0 runs, 2 hits, 0 errors, 1 left on base; Washington (WIN) 5 - San Francisco (WIN) 1
TOP OF THE 9TH
Washington (WIN) Nationals batting - Pitching for San Francisco (WIN) Giants : LHP Gil Longoria
Batting: LHB Evan Oliveri 0-0: Called Strike
0-1: Foul Ball, location: 2F
0-2: Ball
1-2: Ball
2-2: Strikes out swinging
Batting: RHB Kevin Wick 0-0: Ground out 6-3 (Groundball, 6, EV 89.4 MPH)
Batting: LHB Kyung-jin Cho 0-0: Called Strike
0-1: Ball
1-1: Foul Ball, location: 2F
1-2: Foul Ball, location: 2F
1-2: Strikes out swinging
Top of the 9th over - 0 runs, 0 hits, 0 errors, 0 left on base; Washington (WIN) 5 - San Francisco (WIN) 1
BOTTOM OF THE 9TH
San Francisco (WIN) Giants batting - Pitching for Washington (WIN) Nationals : RHP Gareth Cutts
Batting: LHB Jared Paige 0-0: Called Strike
0-1: Ball
1-1: Ball
2-1: Ball
3-1: Base on Balls
Batting: RHB Mike Buchanan 0-0: Ball
1-0: Ball
2-0: Called Strike
2-1: Ground out 4-3 (Groundball, 34, EV 99.4 MPH)
Jared Paige to second
Batting: LHB Juan Gonzalez 0-0: Ball
1-0: Foul Ball, location: 2F
1-1: 2-RUN HOME RUN (Flyball, 9D, EV 99.4 MPH), Distance : 380 ft
Batting: RHB Micah McErlean 0-0: Ball
1-0: Called Strike
1-1: Ball
2-1: Ball
3-1: Fly out, F6 (Popup, 6, EV 51.2 MPH)
Batting: RHB Dinand Brouwer 0-0: Foul Ball, location: 2F
0-1: Swinging Strike
0-2: SINGLE (Groundball, 5D, EV 100.0 MPH)
Batting: RHB Mike Jones 0-0: Swinging Strike
0-1: Foul Ball, location: 2F
0-2: Foul Ball, location: 2F
0-2: Ground out 4-3 (Groundball, 34, EV 79.4 MPH)
Bottom of the 9th over - 2 runs, 2 hits, 0 errors, 1 left on base; Washington (WIN) 5 - San Francisco (WIN) 3
Tuesday, September 13th , 2022 - OOTP Baseball 23.7 Build 88